 Dungeon Crawl Stone Soup version 0.31-a0-1009-g454b1f1e0a (webtiles) character file.

Game seed: 16939847616014942114

681 Avanven the Ruffian (level 7, 0/49 (67) HPs)
             Began as a Troll Shapeshifter on Nov 14, 2023.
             Slain by a wight
             ... wielding a +0 halberd
              (10 damage)
             ... on level 5 of the Dungeon.
             The game lasted 00:04:48 (3101 turns).

Avanven the Ruffian (Troll Shapeshifter)            Turns: 3101, Time: 00:04:50

HP:   0/49 (67)     AC:  5    Str: 25    XL:     7   Next: 34%
MP:   6/6           EV:  9    Int:  6    God:
Gold: 206           SH:  0    Dex:  9    Spells: 6/6 levels left

rFire   . .          .
                       - Unarmed
rCold   . . .        (no shield)
rNeg    . . .        a - +1 animal skin
rPois   .            (helmet currently unavailable)
rElec   .            (cloak currently unavailable)
rCorr   .            (gloves unavailable)
SInv    .            (boots unavailable)
Will    .....        (no amulet)
Stlth   +            (no ring)
HPRegen 1.08/turn    (no ring)
MPRegen 0.10/turn

%: no passive effects
@: beast-form, very heavily drained
A: beast (slay +2), large, unfitting armour, claws 3, regeneration 1, shaggy fur
1, tough skin 1
a: Begin Untransformation


You were on level 5 of the Dungeon.
You were a hulking beast.
You visited 1 branch of the dungeon, and saw 5 of its levels.

You collected 206 gold pieces.

Inventory:

Armour
 a - a +1 animal skin (worn)
Jewellery
 r - a +6 ring of strength
Talismans
 c - a beast talisman
 d - a flux talisman
Wands
 m - a wand of charming (13)
Scrolls
 f - a scroll of enchant armour
 k - a scroll of revelation
Potions
 b - a potion of lignification
 e - a potion of curing
 g - 2 potions of magic {unknown}
 h - a potion of haste {unknown}
 p - a potion of enlightenment {unknown}
 q - 2 potions of mutation {unknown}
 t - a potion of might {unknown}


   Skills:
 + Level 3.2 Fighting
 - Level 1.5 Dodging
 * Level 6.5 Unarmed Combat
 + Level 4.7 Shapeshifting


You had 6 spell levels left.
You didn't know any spells.
Your spell library contained the following spells:

 Spells                   Type           Power      Damage    Failure   Level
 Magic Dart               Conj           0%         1d3       45%         1
 Call Imp                 Summ           0%         N/A       58%         2
 Mephitic Cloud           Conj/Pois/Air  0%         N/A       83%         3
 Ozocubu's Armour         Ice            0%         N/A       83%         3
 Ozocubu's Refrigeration  Ice            0%         4d7       100%        7


Dungeon Overview and Level Annotations

Branches:
Dungeon (5/15)
 Temple: D:4-7

Altars:
Sif Muna
Uskayaw


Innate Abilities, Weirdness & Mutations

You are a hulking beast.
Your limbs bulge with bestial killing power. (Slay +2)
You are too large for most types of armour.
You have claws for hands.
Your natural rate of healing is unusually fast.
You are covered in fur. (AC +1)
You have tough skin. (AC +1)


Message History

The wight hits you from afar with a +0 halberd.
* * * LOW HITPOINT WARNING * * *
You feel drained.
There is a stone staircase leading up here.
The wight hits you from afar with a +0 trident.
* * * LOW HITPOINT WARNING * * *
You feel drained.
* * * LOW HITPOINT WARNING * * *
The wight barely misses you.
You climb upwards.
There is a stone staircase leading down here.
You start resting.
You feel your willpower return.
You start resting.
HP restored.
You climb downwards.
The wight hits you but does no damage.
There is a stone staircase leading up here.
You mangle the wight!!
You destroy the wight!
The wight barely misses you.
The wight hits you from afar with a +0 trident.
You feel drained.
The wight hits you from afar with a +0 halberd!
You feel drained.
You barely miss the wight.
The wight hits you from afar with a +0 trident!
The wight hits you with a +0 spear.
The wight hits you from afar with a +0 halberd!
* * * LOW HITPOINT WARNING * * *
You are too injured to fight recklessly!
You are too injured to fight recklessly!
Unknown command.
You barely miss the wight. Your claw misses the wight.
The wight hits you from afar with a +0 trident.
* * * LOW HITPOINT WARNING * * *
The wight hits you with a +0 spear.
* * * LOW HITPOINT WARNING * * *
You feel drained.
The wight hits you from afar with a +0 halberd!
You die...

### .# ##.## ..# ##...#
.... ##....# .... #.....##
..>.. #######...##.#
.....##..#....z#...#
#.......[....z.z.##
#.......†.z..#.h.##
zz......####..##)<.#
.#...#...! #..##.###
##..#.....##....##
...........#.##..###
#........####.#.....#
##...##..####.......##
..............#.....#######
.......<...##..##..#....##


You could see 3 wights.

Vanquished Creatures
  Eustachio (D:4)
  A water moccasin (D:5)
  2 wights (D:5)
  2 hounds (D:3)
  An orc priest (D:4)
  A jelly (D:4)
  A sleepcap (D:5)
  An iguana (D:5)
  8 adders
  3 dart slugs
  9 orcs
  9 ball pythons
  6 endoplasms
  5 giant cockroaches
  9 goblins
  9 hobgoblins
  5 quokkas
  4 bats
  4 frilled lizards
  4 kobolds
  6 rats
91 creatures vanquished.

Notes
Turn   | Place    | Note
-------+----------+-------------------------------------------
     0 | D:1      | Avanven the Troll Shapeshifter began the quest for the Orb.
     0 | D:1      | Reached XP level 1. HP: 18/18 MP: 0/0
   177 | D:1      | Found a faded altar of an unknown god.
   252 | D:1      | Reached skill level 1 in Fighting
   262 | D:1      | Reached XP level 2. HP: 27/27 MP: 1/1
   899 | D:2      | Reached XP level 3. HP: 33/33 MP: 2/2
  1385 | D:2      | Found a shimmering blue altar of Sif Muna.
  1390 | D:2      | Reached skill level 4 in Unarmed Combat
  1456 | D:3      | Reached XP level 4. HP: 28/41 MP: 3/3
  1605 | D:3      | Reached XP level 5. HP: 49/49 MP: 4/4
  2005 | D:3      | Found a hide-covered altar of Uskayaw.
  2433 | D:4      | Noticed Eustachio
  2436 | D:4      | Reached skill level 5 in Unarmed Combat
  2441 | D:4      | Killed Eustachio
  2442 | D:4      | Reached XP level 6. HP: 32/59 MP: 5/5
  2918 | D:5      | Entered Level 5 of the Dungeon
  3002 | D:5      | Noticed a water moccasin
  3024 | D:5      | Killed a water moccasin
  3025 | D:5      | Reached skill level 6 in Unarmed Combat
  3025 | D:5      | Reached XP level 7. HP: 56/67 MP: 6/6
  3053 | D:5      | HP: 2/48 [wight/+0 trident (1)]
  3101 | D:5      | Slain by a wight

Illustrated notes

Levels and vault maps discovered:
D:1:      dpeg_arrival_more_subterranean_lakeside_camping, layout_basic,
          ebering_ecumenical_altar_mist, minmay_misc_feat_doors
D:2:      layout_basic, basic_altar
D:3:      layout_basic, lemuel_crystal_altar, st_stairs_3
D:4:      layout_loops_ring, uniq_eustachio
D:5:      layout_cave_pools

Skill      XL: |  1  2  3  4  5  6 |
---------------+-------------------+-----
Fighting       | 1 2 3 |  3.2
Unarmed Combat | 4 5 6 |  6.5
Shapeshifting  | 4 |  4.7
Dodging        | |  1.5

Action                     |  1- 3 |  4- 6 |  7- 9 || total
---------------------------+-------+-------+-------++-------
  Melee: Unarmed           |    79 |   105 |     6 ||   190
         Punch             |     2 |     5 |       ||     7
    Use: Potion            |       |     1 |     3 ||     4
         Scroll            |       |       |     7 ||     7
   Stab: Sleeping          |     2 |     1 |       ||     3
 Armour: Animal skin       |    49 |    48 |    16 ||   113
         Skin              |       |    40 |    55 ||    95
  Dodge: Dodged            |    25 |    32 |     8 ||    65

Table legend: (Time is in decaauts)
 A = Elapsed time spent in this place.
 B = Non-inter-level travel time spent in this place.
 C = Inter-level travel time spent in this place.
 D = Time resting spent in this place.
 E = Time spent auto-exploring this place.
 F = Levels seen in this place.
 G = Mean time per level.
                   A        B        C        D        E       F      G
               +--------+--------+--------+--------+--------+-----+--------+
         Total |   3085 |   2989 |     96 |     41 |   2462 |   5 |  617.0 |
       Dungeon |   3085 |   2989 |     96 |     41 |   2462 |   5 |  617.0 |
               +--------+--------+--------+--------+--------+-----+--------+

Top non-repeatable levels by time:
     D:3: 806 daAuts
     D:1: 789 daAuts
     D:4: 701 daAuts
     D:2: 650 daAuts
     D:5: 137 daAuts
